Map: Prion Terraces

Players

ILLBdA

  • Race: Protoss Protoss
  • League: Diamond

jspark - Winner!

  • Race: Zerg Zerg
  • League: Platinum

VOD

Have the link to the VOD?

Description

Time

  • Played on: Jan. 3, 2016, 11:03 p.m.
  • Length: 3:41
Show
View Real Time Build Order
Export as new Build Order

ILLBdA Protoss 

Build Orders:  

Get SALT Encoding   

  12  0:01  Probe (Chrono Boost)  
  13  0:11  Probe (Chrono Boost)  
  14  0:17  Pylon  
  14  0:22  Probe (Chrono Boost)  
  16  0:35  Probe (Chrono Boost)  
  16  0:44  Forge  
  16  0:46  Probe (Chrono Boost)  
  17  0:56  Probe (Chrono Boost)  
  18  1:07  Probe (Chrono Boost)  
  19  1:17  Pylon  
  19  1:18  Probe (Chrono Boost), Pylon  
  20  1:23  Pylon  
  20  1:28  Probe (Chrono Boost)  
  21  1:35  Photon Cannon  
  21  1:36  Assimilator  
  21  1:39  Pylon  
  21  1:45  Pylon  
  21  1:59  Photon Cannon  
  21  2:05  Photon Cannon  
  21  2:06  Photon Cannon  
  21  2:24  Gateway  
  21  2:29  Photon Cannon  
  21  2:37  Photon Cannon  
  21  2:42  Probe (Chrono Boost)  
  21  2:55  Probe (Chrono Boost)  
  21  2:57  Nexus  
  22  3:01  Pylon  
  22  3:14  Pylon  
  21  3:24  Gateway  
  21  3:32  Gateway  
  21  3:34  Photon Cannon  
Show
View Real Time Build Order
Export as new Build Order

jspark Zerg - Winner!

Build Orders: Hatch First 

Get SALT Encoding   

  12  0:00  Drone  
  13  0:08  Drone  
  14  0:17  Overlord  
  14  0:35  Drone x3  
  17  0:51  Hatchery  
  17  0:55  Drone  
  17  0:58  Drone  
  18  1:07  Drone, Extractor  
  18  1:18  Spawning Pool  
  17  1:20  Drone  
  18  1:29  Drone  
  19  1:39  Overlord  
  19  1:51  Drone  
  20  2:07  Queen  
  20  2:08  Queen  
  22  2:09  Metabolic Boost  
  22  2:11  Zergling x2  
  25  2:17  Zergling x2  
  25  2:18  Zergling x4  
  27  2:27  Zergling x2  
  26  2:40  Zergling x2  
  24  2:44  Zergling x2  
  23  2:53  Zergling x4  
  23  2:54  Zergling x2  
  26  3:00  Drone  
  27  3:11  Zergling x2  
  27  3:17  Zergling x4  
  28  3:22  Zergling x4  
Tags
 
Matchup
PvZ
Replay Pack
me
Add a new tag
Caveats
  • Supply blocks, unpowered buildings, or Contaminate may cause inaccurate times.
  • Supply counts are checked every 10 seconds.